 Dungeon Crawl Stone Soup version 0.20-b1-18-gaa2fd62 (webtiles) character file.

13743 potatolord6000 the Cleaver (level 11, -2/104 HPs)
             Began as a Minotaur Fighter on May 23, 2017.
             Was the Champion of Cheibriados.
             Slain by an eight-headed hydra (9 damage)
             ... on level 3 of the Lair of Beasts on May 24, 2017.
             The game lasted 00:42:42 (7917 turns).

potatolord6000 the Cleaver (Minotaur Fighter)       Turns: 7917, Time: 00:42:44

Health: -2/104     AC: 13    Str: 39    XL:     11   Next: 79%
Magic:  10/10      EV: 13    Int: 20    God:    Cheibriados [******]
Gold:   553        SH:  0    Dex: 33    Spells: 10/10 levels left

rFire    . . .     SeeInvis .   a - +0 war axe
rCold    . . .     Gourm    .   c - +0 shield
rNeg     . . .     Faith    +   v - +0 plate armour (curse)
rPois    .         Spirit   .   (helmet restricted)
rElec    .         Reflect  .   (no cloak)
rCorr    .         Harm     .   (no gloves)
MR       ++...                  h - +0 pair of boots
Stlth    ..........             y - amulet of faith
Regen    0.3/turn               q - +2 ring of protection
MPRegen  0.2/turn               t - +3 ring of dexterity

@: confused, agile, flying, hasted, drained, very slow
A: retaliatory headbutt, horns 2, deformed body, magic resistance 2
a: Bend Time, Temporal Distortion, Slouch, Step From Time, Renounce Religion


You were on level 3 of the Lair of Beasts.
You worshipped Cheibriados.
Cheibriados was exalted by your worship.
You were full.

You visited 2 branches of the dungeon, and saw 13 of its levels.
You also visited: Sewer.

You collected 553 gold pieces.

Inventory:

Hand Weapons
 a - a +0 war axe (weapon)
Armour
 c - a +0 shield (worn)
 h - a +0 pair of boots (worn)
 v - a cursed +0 plate armour (worn)
Jewellery
 q - a +2 ring of protection (left hand)
 t - a +3 ring of dexterity (right hand)
 y - an amulet of faith (around neck)
Scrolls
 b - a scroll of vulnerability {unknown}
 d - a scroll of remove curse {unknown}
 e - 4 scrolls of recharging {unknown}
 f - 2 scrolls of blinking {unknown}
 g - a scroll of enchant armour {unknown}
 i - 6 scrolls of identify {unknown}
 m - 4 scrolls of immolation {unknown}
 n - 6 scrolls of teleportation {unknown}
 w - 2 scrolls of amnesia {unknown}
 z - a scroll of fog {unknown}
Potions
 j - 4 potions of curing
 k - a potion of agility
Books
 u - a book of Necromancy

   Spells                             Type                      Level
   a - Pain                           Necromancy                   1
   b - Animate Skeleton               Necromancy                   1
   c - Vampiric Draining              Necromancy                   3
   d - Regeneration                   Charms/Necromancy            3
   e - Animate Dead                   Necromancy                   4
   f - Control Undead                 Necromancy                   4
Comestibles
 p - 6 fruits
 r - 6 bread rations
 x - 3 royal jellies


   Skills:
 + Level 11.7(11.4) Fighting
 + Level 11.9(11.6) Axes
 + Level 11.7(11.4) Armour
 + Level 11.8(11.6) Shields


You had 10 spell levels left.
You didn't know any spells.

Dungeon Overview and Level Annotations

Branches:
Dungeon (10/15)            Temple (0/1) D:6            Lair (3/6) D:10
  Swamp: Lair:2-4    Shoals: Lair:2-4     Snake: Lair:2-4    Spider: Lair:2-4
    Orc: D:9-12

Altars:
Cheibriados
Dithmenos
Elyvilon
Gozag
Okawaru
Ru
Sif Muna
Vehumet
Xom
Zin
The Shining One

Shops:
D:5 *


Innate Abilities, Weirdness & Mutations

You reflexively headbutt those who attack you in melee.
You have a pair of horns on your head.
Armour fits poorly on your strangely shaped body.
You are highly resistant to hostile enchantments. (MR++)


Message History

* * * LOW HITPOINT WARNING * * *
The eight-headed hydra bites you.
* * * LOW HITPOINT WARNING * * *
The eight-headed hydra bites you!
* * * LOW HITPOINT WARNING * * *
You feel very buoyant.
You fly up into the air.
You feel agile all of a sudden. The eight-headed hydra bites you.
* * * LOW HITPOINT WARNING * * *
The eight-headed hydra bites you but does no damage.
The eight-headed hydra bites you!
* * * LOW HITPOINT WARNING * * *
The eight-headed hydra bites you.
* * * LOW HITPOINT WARNING * * *
The eight-headed hydra bites you but does no damage. x2
The eight-headed hydra bites you.
* * * LOW HITPOINT WARNING * * *
The eight-headed hydra bites you!
You die...

..# .. .. ###### r #....#.+###
.......##...†#....+.
#.....%##...@D......
.###......#####†##..... #.
..#P.......####.# ##...#. +.
..........##...## #....# #.
#........##....# #....# #. .
##.......##...#....##....####.
.###.............##...##.##...#..
.............#...# %?%.#....)....
♣...........##.#########.........


You could see an eight-headed hydra.

Vanquished Creatures
  Erolcha (D:9)
  2 two-headed ogres
  The ghost of Armakuni the Pacifist, a journeyman HuMo of Elyvilon (D:8)
  A queen ant (Lair:2)
  2 black mambas
  A komodo dragon (Lair:1)
  2 rime drakes
  3 spiny frogs
  A troll (D:9)
  Prince Ribbit (D:7)
  Grinder (D:5)
  5 hippogriffs
  Eustachio (D:5)
  3 yaks (D:9)
  A wraith (D:9)
  2 chaos spawn (D:10)
  2 soldier ants (Lair:2)
  6 water moccasins
  2 hell hounds (D:10)
  2 porcupines
  3 sky beasts
  3 ice beasts
  4 orc warriors
  6 ogres
  2 black bears (D:7)
  3 wolves (Lair:3)
  2 phantoms
  2 crocodiles (Lair:1)
  2 centaurs
  2 big kobolds
  5 bullfrogs
  A scorpion (D:6)
  A howler monkey (D:7)
  3 crimson imps
  A bullfrog zombie (D:9)
  A jelly (D:10)
  3 hounds
  3 orc priests
  2 bullfrog skeletons
  8 orc wizards
  A centaur skeleton (D:6)
  2 iguanas
  22 worker ants
  6 hell rats (Lair:3)
  A hound skeleton (D:8)
  2 worker ant zombies
  A howler monkey skeleton (D:6)
  8 adders
  8 gnolls
  6 river rats
  2 shadow imps
  3 adder zombies
  An adder skeleton (D:4)
  2 dart slugs
  3 leopard geckos
  17 orcs
  2 ball pythons (D:3)
  3 bats
  2 giant cockroaches (D:3)
  2 goblins (D:3)
  3 hobgoblins
  3 jackals
  5 quokkas
  2 frilled lizards
  A jackal skeleton (D:6)
  A jackal zombie (D:7)
  20 kobolds
  13 rats
  A fungus (Lair:2)
  3 plants
243 creatures vanquished.

Vanquished Creatures (others)
  A scorpion (D:7)
  A giant cockroach (D:7)
2 creatures vanquished.

Grand Total: 245 creatures vanquished

Notes
Turn   | Place    | Note
-------+----------+-------------------------------------------
     0 | D:1      | potatolord6000 the Minotaur Fighter began the quest for the Orb.
     0 | D:1      | Reached XP level 1. HP: 19/19 MP: 0/0
    10 | D:1      | Noticed a merfolk zombie
    12 | D:1      | Noticed a merfolk zombie
   378 | D:1      | Reached XP level 2. HP: 26/27 MP: 1/1
  1445 | D:3      | Reached XP level 3. HP: 23/33 MP: 2/2
  1738 | D:3      | Reached XP level 4. HP: 19/40 MP: 3/3
  2266 | D:3      | Found a snail-covered altar of Cheibriados.
  2275 | D:3      | Became a worshipper of Cheibriados the Contemplative
  2349 | D:3      | Found a shadowy altar of Dithmenos.
  2554 | D:4      | Found a glowing drain.
  2568 | Sewer    | Entered a sewer
  2576 | Sewer    | Reached XP level 5. HP: 46/47 MP: 4/4
  2577 | Sewer    | Reached * piety under Cheibriados
  2645 | Sewer    | Reached skill level 5 in Fighting
  2669 | Sewer    | Found a white marble altar of Elyvilon.
  2820 | D:5      | Entered Level 5 of the Dungeon
  2820 | D:5      | Found Foemavop's Assorted Antiques.
  2829 | D:5      | Noticed Grinder
  2844 | D:5      | Paralysed by Grinder for 2 turns
  2846 | D:5      | Killed Grinder
  2846 | D:5      | Reached skill level 5 in Axes
  2846 | D:5      | Reached skill level 5 in Armour
  2846 | D:5      | Reached skill level 5 in Shields
  2846 | D:5      | Reached XP level 6. HP: 47/56 MP: 5/5
  3104 | D:5      | Found a deep blue altar of Sif Muna.
  3146 | D:5      | Found an iron altar of Okawaru.
  3282 | D:5      | Noticed a water moccasin
  3283 | D:5      | Noticed a sky beast
  3294 | D:5      | Killed a water moccasin
  3294 | D:5      | Reached XP level 7. HP: 51/62 MP: 6/6
  3471 | D:5      | Noticed Eustachio
  3484 | D:5      | Killed Eustachio
  3691 | D:6      | Found a staircase to the Ecumenical Temple.
  3789 | D:6      | Reached ** piety under Cheibriados
  3806 | D:6      | Reached XP level 8. HP: 71/71 MP: 7/7
  3971 | D:6      | Found a sacrificial altar of Ru.
  4330 | D:6      | Reached *** piety under Cheibriados
  4614 | D:7      | Reached XP level 9. HP: 81/81 MP: 8/8
  4945 | D:7      | Found a shimmering altar of Xom.
  4960 | D:7      | Noticed Prince Ribbit
  4973 | D:7      | Killed Prince Ribbit
  4985 | D:7      | Reached **** piety under Cheibriados
  5091 | D:8      | Noticed Armakuni's ghost (journeyman HuMo)
  5092 | D:8      | Noticed a two-headed ogre
  5110 | D:8      | Killed Armakuni's ghost
  5114 | D:8      | Killed a two-headed ogre
  5114 | D:8      | Reached XP level 10. HP: 73/91 MP: 9/9
  5240 | D:8      | Found a radiant altar of Vehumet.
  5276 | D:8      | Found an opulent altar of Gozag.
  5377 | D:9      | Noticed Erolcha
  5392 | D:9      | Killed Erolcha
  5392 | D:9      | Reached skill level 10 in Axes
  5392 | D:9      | Reached skill level 10 in Shields
  5394 | D:9      | Reached skill level 10 in Fighting
  5662 | D:9      | Noticed a two-headed ogre
  5677 | D:9      | Reached skill level 10 in Armour
  5678 | D:9      | Killed a two-headed ogre
  5804 | D:9      | Reached ***** piety under Cheibriados
  6336 | D:9      | Found a glowing silver altar of Zin.
  6336 | D:9      | Found a white marble altar of Elyvilon.
  6336 | D:9      | Found a glowing golden altar of the Shining One.
  6366 | D:10     | Entered Level 10 of the Dungeon
  6557 | D:10     | Found a shimmering altar of Xom.
  6574 | D:10     | Reached XP level 11. HP: 72/101 MP: 10/10
  6697 | D:10     | Found a staircase to the Lair.
  6732 | Lair:1   | Entered Level 1 of the Lair of Beasts
  7190 | Lair:2   | Noticed a queen ant
  7197 | Lair:2   | Killed a queen ant
  7201 | Lair:2   | Reached ****** piety under Cheibriados
  7877 | Lair:3   | Upgraded the game from 0.20-b1-14-g8425815 to 0.20-b1-18-gaa2fd62
  7906 | Lair:3   | Noticed a four-headed hydra
  7912 | Lair:3   | Gained mutation: Armour fits poorly on your strangely shaped body. [potion of mutation]
  7912 | Lair:3   | Gained mutation: You are resistant to hostile enchantments. (MR+) [potion of mutation]
  7912 | Lair:3   | Gained mutation: You are highly resistant to hostile enchantments. (MR++) [potion of mutation]
  7917 | Lair:3   | Slain by an eight-headed hydra

Skill      XL: |  1  2  3  4  5  6  7  8  9 10 11 |
---------------+----------------------------------+-----
Axes           | 3 4 5 6 7 9 10 11 | 11.9
Fighting       | 4 5 6 7 9 10 11 | 11.7
Shields        | 4 5 6 7 9 10 11 | 11.8
Armour         | 4 5 6 7 9 10 11 | 11.7

Action                   |  1- 3 |  4- 6 |  7- 9 | 10-12 || total
-------------------------+-------+-------+-------+-------++-------
Melee: War axe           |    58 |    96 |   149 |   266 ||   569
       Headbutt          |     7 |    10 |    56 |   110 ||   183
  Use: Potion            |     1 |     2 |     8 |    12 ||    23
 Stab: Invisible         |       |       |     7 |       ||     7
  Eat: Bread ration      |     2 |       |       |       ||     2
       Meat ration       |       |     1 |     1 |     1 ||     3
Armor: Scale mail        |    26 |    55 |       |       ||    81
       Plate armour      |       |     6 |   110 |   192 ||   308
Dodge: Dodged            |    20 |    45 |    62 |   110 ||   237
Block: Shield            |    26 |    84 |   137 |   318 ||   565
